[Event "Team 45 45 League T52"]
[Site "Internet Chess Club"]
[Date "2012.02.20"]
[Round "1"]
[White "eurander"]
[Black "Goli"]
[Result "1/2-1/2"]
[WhiteElo "2183"]
[BlackElo "1917"]
[Opening "Robatsch defense: Geller's system"]
[ECO "B06"]
[Time "15:00:14"]
[TimeControl "2700+45"]

1. e4 g6 2. d4 Bg7 3. c3 d6 4. Nf3 Nf6 5. Qc2 O-O 6. Bg5 Bg4 7. Nbd2 Nbd7 8. Be2
c5 9. dxc5 Nxc5 10. O-O Rc8 11. Rfe1 a6 12. a4 Ne6 13. Be3 Nd7 14. Nb3 Nec5 15.
Nbd4 Bxf3 16. Bxf3 Ne5 17. Be2 Nc6 18. Nb3 Ne6 19. Qd2 Na5 20. Nxa5 Qxa5 21. Bg4
Rc4 22. Bxe6 fxe6 23. Qc2 Qh5 24. Qd3 Rcc8 25. Bd4 Bh6 26. Be3 Bg7 27. Qe2 Qxe2
28. Rxe2 Rc4 29. f3 Rfc8 30. Rd2 R8c6 31. Kf2 Kf7 32. Ke2 Rc8 33. Kd1 Bf6 34.
Rd3 g5 35. h3 h6 36. Ke2 Be5 37. Rdd1 Kg6 38. Rh1 Bg3 39. Bd4 h5 40. Bf2 Be5 41.
g4 h4 42. Be3 Bg3 43. Rhd1 Be5 44. Rd3 Bf6 45. Kd2 Be5 46. Ra3 Bf6 47. Rb3 Rxa4
48. Rxb7 Ra1 49. f4 gxf4 50. Bxf4 e5 51. Be3 Re8 52. Ke2 Rh1 53. Bf2 Rh2 54. Rf3
Bg5 55. Ra7 Bf4 56. Rxa6 Bg3 57. Ke3 Bxf2+ 58. Rxf2 Rxh3+ 59. Ke2 Rg3 60. Rf5
Rxg4 61. Kf3 Rg3+ 62. Kf2 Rg4 63. Kf3 Rg3+ 64. Kf2 Rg4 65. Kf3 {Game drawn by
repetition} 1/2-1/2

[Event "Team 45 45 League T52"]
[Site "Internet Chess Club"]
[Date "2012.02.20"]
[Round "1"]
[White "justice02"]
[Black "kidviper"]
[Result "0-1"]
[WhiteElo "1808"]
[BlackElo "2009"]
[Opening "QGD semi-Slav"]
[ECO "D43"]
[Time "15:24:46"]
[TimeControl "2700+45"]

1. d4 d5 2. c4 c6 3. Nc3 Nf6 4. Nf3 e6 5. g3 Be7 6. Bg2 Nbd7 7. c5 b6 8. cxb6
axb6 9. O-O Bb7 10. Re1 Bb4 11. a3 O-O 12. Bg5 Bxc3 13. bxc3 h6 14. Bf4 Ne4 15.
Qc2 f6 16. Nd2 Nxd2 17. Bxd2 f5 18. Reb1 Ba6 19. f3 Qe7 20. e4 Bc4 21. a4 Ra5
22. Bc1 Rfa8 23. e5 b5 24. Bb2 Rxa4 25. Bf1 Nb6 26. Qc1 Bxf1 27. Qxf1 Nc4 28.
Qc1 R8a6 29. Rxa4 Rxa4 30. Ra1 Qa7 31. Rxa4 Qxa4 32. Qa1 Qc2 33. Bc1 Qd1+ 34.
Kf2 Nd2 35. Qa8+ Kh7 36. Bxd2 Qxd2+ 37. Kf1 Qxc3 38. Qe8 Qxf3+ 39. Kg1 b4 40.
Qxc6 b3 41. Qb6 Qd1+ 42. Kg2 Qc2+ 43. Kh3 b2 {White resigns} 0-1

[Event "Team 45 45 League T52"]
[Site "Internet Chess Club"]
[Date "2012.02.16"]
[Round "1"]
[White "kidcobra"]
[Black "randallsr"]
[Result "1/2-1/2"]
[WhiteElo "1706"]
[BlackElo "1763"]
[Opening "French: exchange variation"]
[ECO "C01"]
[Time "12:00:09"]
[TimeControl "2700+45"]

1. e4 e6 2. d4 d5 3. exd5 exd5 4. Nf3 h6 5. Bd3 Nf6 6. h3 Bd6 7. O-O O-O 8. c4
Be6 9. c5 Be7 10. Ne5 Qc8 11. f4 Bf5 12. Nc3 Bxd3 13. Qxd3 c6 14. Bd2 Nbd7 15.
Rae1 Qd8 16. Qf3 Nxe5 17. fxe5 Ne4 18. Nxe4 dxe4 19. Qc3 Qd5 20. b3 f5 21. Bf4
g5 22. Bc1 Rad8 23. Bb2 Kg7 24. Qc4 Kg6 25. Qxd5 cxd5 26. g3 f4 27. gxf4 Rxf4
28. Bc1 Rxf1+ 29. Rxf1 Rf8 30. Rxf8 Bxf8 31. Kg2 Kf5 32. Kg3 Bxc5 33. dxc5 Kxe5
34. h4 gxh4+ 35. Kxh4 Kd4 36. Bxh6 Kd3 37. Kg3 d4 38. b4 Kc4 39. a3 a5 40. bxa5
Kxc5 41. Bd2 Kc4 42. Kf4 Kd3 43. Bc1 e3 44. Kf3 e2 45. Kf2 Kc2 46. Kxe2 Kxc1 47.
Kd3 Kb2 48. Kxd4 Kxa3 49. Kc5 Ka4 50. Kb6 Kb4 51. a6 bxa6 52. Kxa6 {Game drawn
because neither player has mating material} 1/2-1/2

[Event "Team 45 45 League T52"]
[Site "Internet Chess Club"]
[Date "2012.02.20"]
[Round "1"]
[White "Kingofknights"]
[Black "julesraider"]
[Result "0-1"]
[WhiteElo "1624"]
[BlackElo "1589"]
[Opening "King's Indian: Sämisch, 6...Nc6"]
[ECO "E83"]
[Time "20:00:14"]
[TimeControl "2700+45"]

1. d4 Nf6 2. c4 g6 3. Nc3 Bg7 4. e4 d6 5. f3 O-O 6. Be3 Nc6 7. a3 a6 8. Bd3 e5
9. d5 Nd4 10. Nge2 Ne8 11. O-O c6 12. dxc6 bxc6 13. b4 f5 14. exf5 Nxf5 15. Bxf5
Bxf5 16. Rc1 Be6 17. Na4 Qf6 18. Ng3 Qf7 19. Nb6 Rd8 20. Ne4 h6 21. Qd2 g5 22.
Rfd1 Qe7 23. Bf2 Bf5 24. Ng3 Be6 25. Qc2 g4 26. fxg4 Bxg4 27. Re1 Nf6 28. Nf5
Bxf5 29. Qxf5 Nd7 30. Qg4 Rf4 31. Qh3 Nxb6 32. Bxb6 Rdf8 33. Be3 Rh4 34. Qg3 Kh7
35. Bd2 e4 36. Bc3 Rg8 37. Qe3 d5 38. cxd5 cxd5 39. Bd4 Qd6 40. g3 Bxd4 41. Qxd4
Rxg3+ 42. Kh1 Rg2 43. Qa7+ Kg6 44. Qc7 Rhxh2# {White checkmated} 0-1

[Event "Team 45 45 League T52"]
[Site "Internet Chess Club"]
[Date "2012.02.19"]
[Round "1"]
[White "parpin"]
[Black "DarkFlow"]
[Result "1-0"]
[WhiteElo "1960"]
[BlackElo "1837"]
[Opening "Nimzovich-Larsen attack: modern variation"]
[ECO "A01"]
[Time "09:01:40"]
[TimeControl "2700+45"]

1. b3 e5 2. Bb2 Nc6 3. e3 Nf6 4. c4 d5 5. cxd5 Nxd5 6. Bb5 Bd6 7. Ne2 Bd7 8. O-O
O-O 9. Nbc3 Nb6 10. Ne4 a6 11. Bxc6 Bxc6 12. d3 Qe7 13. Nxd6 cxd6 14. Rc1 Rac8
15. d4 Qg5 16. Ng3 e4 17. Qh5 Qxh5 18. Nxh5 d5 19. h4 f5 20. Nf4 Nd7 21. Rc3 Nf6
22. Rfc1 Bd7 23. Ba3 Rxc3 24. Rxc3 Re8 25. Rc7 Bc6 26. Be7 Nd7 27. Nxd5 Bxd5 28.
Rxd7 Bc6 29. Rc7 Kf7 30. Bd6+ Kg6 31. Be5 Rg8 32. Kh2 h5 33. Kg3 Bd5 34. Rd7 Bc6
35. Rd6+ Kf7 36. d5 Bxd5 37. Rxd5 Ke6 38. Rc5 b6 39. Rc6+ Kxe5 40. Rxb6 Ra8 41.
a4 Ra7 42. a5 Ra8 43. b4 Ra7 44. b5 axb5 45. Rxb5+ Kf6 46. Kf4 g6 47. Rb6+ Kf7
48. a6 {Black resigns} 1-0

[Event "Team 45 45 League T52"]
[Site "Internet Chess Club"]
[Date "2012.02.17"]
[Round "1"]
[White "ghostfire"]
[Black "ramirozp"]
[Result "0-1"]
[WhiteElo "1736"]
[BlackElo "1737"]
[Opening "Sicilian: Najdorf, Byrne (English) attack"]
[ECO "B90"]
[Time "17:30:17"]
[TimeControl "2700+45"]

1. e4 c5 2. Nf3 d6 3. d4 cxd4 4. Nxd4 Nf6 5. Nc3 a6 6. Be3 e5 7. Nb3 Be6 8. f3
Be7 9. Qd2 O-O 10. Be2 d5 11. exd5 Bxd5 12. Nxd5 Nxd5 13. O-O-O Nxe3 14. Qxe3
Bg5 15. Rxd8 Bxe3+ 16. Rd2 Bxd2+ 17. Nxd2 Nc6 18. Re1 Rac8 19. Nc4 b5 20. Nd6
Rc7 21. a3 Rd8 22. Ne4 Nd4 23. Bd3 Nxf3 24. gxf3 Rxd3 25. Nc3 Rxf3 26. Rxe5 h6
27. Nd5 Rd7 28. Ne3 Rf2 29. Rh5 Re2 30. Nd5 Kf8 31. b3 g6 32. Nf6 Rd6 {White
resigns} 0-1

[Event "Team 45 45 League T52"]
[Site "Internet Chess Club"]
[Date "2012.02.18"]
[Round "1"]
[White "mellizas2003"]
[Black "Egmont"]
[Result "1/2-1/2"]
[WhiteElo "1685"]
[BlackElo "1757"]
[Opening "Sicilian: accelerated fianchetto, modern variation with Bc4"]
[ECO "B35"]
[Time "10:00:33"]
[TimeControl "2700+45"]

1. e4 c5 2. Nf3 Nc6 3. d4 cxd4 4. Nxd4 g6 5. Be3 Bg7 6. Nc3 Nf6 7. Bc4 O-O 8.
O-O Ng4 9. Qxg4 Nxd4 10. Bxd4 Bxd4 11. Qf3 d6 12. Rad1 Bg7 13. Rfe1 Qb6 14. Nd5
Qd8 15. Qb3 b6 16. Nb4 Qc7 17. Bd5 Bb7 18. c3 Rad8 19. Bxb7 Qxb7 20. Qd5 Qc8 21.
Qc6 Qg4 22. h3 Qe6 23. Qd5 Qd7 24. Qc6 Qe6 25. Qd5 Qd7 26. Qc6 Qe6 {Game drawn
by repetition} 1/2-1/2

[Event "Team 45 45 League T52"]
[Site "Internet Chess Club"]
[Date "2012.02.19"]
[Round "1"]
[White "DreamCatcher13"]
[Black "CamLeslie"]
[Result "1-0"]
[WhiteElo "1914"]
[BlackElo "1799"]
[Opening "Sicilian: Hungarian variation"]
[ECO "B27"]
[Time "23:16:47"]
[TimeControl "2700+45"]

1. e4 c5 2. Nf3 g6 3. c3 Bg7 4. d4 cxd4 5. cxd4 d5 6. exd5 Nf6 7. Nc3 Nbd7 8. g3
Nb6 9. Bg2 O-O 10. O-O Nbxd5 11. Re1 b6 12. Ne5 Bb7 13. Qb3 h6 14. Be3 Rc8 15.
Rac1 e6 16. Nb5 Qe7 17. Nxa7 Nxe3 18. Nxc8 {Black resigns} 1-0

[Event "Team 45 45 League T52"]
[Site "Internet Chess Club"]
[Date "2012.02.16"]
[Round "1"]
[White "PJ"]
[Black "fishhead"]
[Result "0-1"]
[WhiteElo "1732"]
[BlackElo "1855"]
[Opening "Alekhine's defense: modern, fianchetto variation"]
[ECO "B04"]
[Time "12:00:13"]
[TimeControl "2700+45"]

1. e4 Nf6 2. e5 Nd5 3. d4 d6 4. Nf3 g6 5. Bc4 Nb6 6. Bb3 Bg7 7. Ng5 O-O 8. e6 f6
9. Nf7 Qe8 10. d5 c6 11. c4 Na6 12. Be3 Nc7 13. Nc3 Nxe6 14. dxe6 Bxe6 15. Nh6+
Kh8 16. Bxb6 axb6 17. Ng4 Qf7 18. O-O f5 19. Ne3 f4 20. Nc2 Bxc4 21. Bxc4 Qxc4
22. Qd2 d5 23. Rfd1 e5 24. f3 e4 25. Nd4 Rae8 26. Rac1 e3 27. Qd3 b5 28. b3 Qxd3
29. Rxd3 Bxd4 30. Rxd4 g5 31. Kf1 Ra8 32. Rc2 Ra6 33. Ne2 Rfa8 34. Nc1 Kg7 35.
g3 Rf8 36. gxf4 gxf4 37. Nd3 Rf6 38. Rxf4 Rxf4 39. Nxf4 Kf6 40. Ke2 d4 41. Nd3
Ra8 42. Nc5 Rd8 43. Kd3 Kf5 44. Rg2 b6 45. Ne4 c5 46. Rg7 Ra8 47. Rg2 Kf4 48. h4
Kxf3 49. Rg3+ Kf4 50. Rg2 Rd8 51. Ng5 Rd7 52. Rc2 Kg3 53. Ne4+ Kxh4 54. Nxc5
bxc5 55. Rxc5 Kg4 56. Rxb5 h5 57. Rc5 h4 58. Rc1 h3 59. b4 Kf3 {White resigns}
0-1

[Event "Team 45 45 League T52"]
[Site "Internet Chess Club"]
[Date "2012.02.16"]
[Round "1"]
[White "IshanR"]
[Black "AntonioMendonca"]
[Result "0-1"]
[WhiteElo "1859"]
[BlackElo "1617"]
[Opening "French: Tarrasch, open variation"]
[ECO "C07"]
[Time "19:04:17"]
[TimeControl "2700+45"]

1. e4 e6 2. d4 d5 3. Nd2 c5 4. c3 cxd4 5. cxd4 dxe4 6. Nxe4 Bb4+ 7. Nc3 Nf6 8.
Nf3 Qc7 9. Bd2 Nc6 10. Qb3 O-O 11. Bb5 Bxc3 12. bxc3 Bd7 13. Bd3 e5 14. Bc2 e4
15. Ng1 Na5 16. Qb1 Nc4 17. Bg5 Qa5 18. Bxf6 Qxc3+ 19. Ke2 gxf6 20. Bxe4 Rae8
21. Nf3 Bb5 22. Qxb5 {White resigns} 0-1

[Event "Team 45 45 League T52"]
[Site "Internet Chess Club"]
[Date "2012.02.20"]
[Round "1"]
[White "rahulr"]
[Black "mongmong"]
[Result "1/2-1/2"]
[WhiteElo "1611"]
[BlackElo "1596"]
[Opening "Nimzo-Indian: three knights variation"]
[ECO "E21"]
[Time "20:00:13"]
[TimeControl "2700+45"]

1. d4 e6 2. c4 Nf6 3. Nc3 Bb4 4. Nf3 b6 5. e3 Bb7 6. Be2 O-O 7. O-O Bxc3 8. bxc3
Ne4 9. Qc2 d6 10. Rd1 Nd7 11. d5 exd5 12. cxd5 Ng5 13. Nxg5 Qxg5 14. e4 Qe7 15.
c4 Rfe8 16. f3 f5 17. Bd3 fxe4 18. Bxe4 Nf6 19. Re1 Nxe4 20. Rxe4 Qf7 21. Bb2
Rxe4 22. fxe4 Rf8 23. Qe2 Ba6 24. a4 Bxc4 25. Qxc4 Qf2+ 26. Kh1 Qxb2 27. Rc1 h6
28. Qxc7 Rf7 29. Qc8+ Kh7 30. Re1 Qf2 31. Qc1 Re7 32. Qb1 Kg8 33. Rf1 Qd4 34.
Qc2 Qxe4 35. Qf2 Qe5 36. h3 Kh7 37. Qd2 Qe2 38. Qc1 Qe4 39. Qc6 Qe5 40. Qc4 Qe2
41. Qf4 Qe4 42. Qf8 Qe5 43. Qf3 {Game drawn by mutual agreement} 1/2-1/2

[Event "Team 45 45 League T52"]
[Site "Internet Chess Club"]
[Date "2012.02.18"]
[Round "1"]
[White "Zumbi"]
[Black "chiiwen"]
[Result "0-1"]
[WhiteElo "2158"]
[BlackElo "2195"]
[Opening "Scandinavian: Pytel-Wade variation"]
[ECO "B01"]
[Time "14:09:35"]
[TimeControl "2700+45"]

1. e4 d5 2. exd5 Qxd5 3. Nc3 Qd6 4. g3 Nf6 5. Bg2 c6 6. Nge2 Bg4 7. d4 e6 8. Bf4
Qd8 9. Qd2 Nbd7 10. h3 Bf5 11. g4 Bg6 12. Ng3 Nb6 13. Nce4 Nxe4 14. Nxe4 Nd5 15.
Bg3 Bxe4 16. Bxe4 Bd6 17. O-O-O Qc7 18. Bxd6 Qxd6 19. Kb1 O-O-O 20. a3 Kb8 21.
c4 Nf4 22. Qe3 h6 23. Rd2 Rd7 24. Rhd1 Rhd8 25. h4 g5 26. hxg5 hxg5 27. Ka2 Qc7
28. b4 f6 29. Bf3 Rh7 30. Qe4 Rh3 31. Rb2 f5 32. gxf5 exf5 33. Qxf5 Rxf3 34.
Qxg5 Nh3 35. Qh4 Rdf8 36. Rdd2 Qf4 37. Qe7 Qf6 38. Qd7 Rd8 39. Qh7 a6 40. d5
cxd5 41. cxd5 Ng5 42. Qh2+ Qf4 43. Qg2 Ne4 44. Rdc2 Nc3+ 45. Ka1 Rd3 46. Rb3
Rd1+ 47. Kb2 Rb1+ 48. Kxc3 Rc8+ {White resigns} 0-1

[Event "Team 45 45 League T52"]
[Site "Internet Chess Club"]
[Date "2012.02.19"]
[Round "1"]
[White "pmcglothin"]
[Black "grabuark"]
[Result "0-1"]
[WhiteElo "1938"]
[BlackElo "2136"]
[Opening "Sicilian: closed"]
[ECO "B25"]
[Time "11:01:05"]
[TimeControl "2700+45"]

1. e4 c5 2. Nc3 Nc6 3. g3 d6 4. Bg2 g6 5. d3 Bg7 6. Nge2 Nf6 7. Nf4 O-O 8. h4 h5
9. O-O e6 10. Nfe2 Ng4 11. Bg5 Qb6 12. Rb1 Bd7 13. Qd2 Nd4 14. Nd1 Ne5 15. f3 f5
16. c3 Nxe2+ 17. Qxe2 fxe4 18. fxe4 Rxf1+ 19. Bxf1 Rf8 20. Bg2 Qa6 21. c4 Qxa2
22. Nc3 Qb3 23. Rf1 Rxf1+ 24. Bxf1 Nf7 25. Be3 Bxc3 26. bxc3 Qxc3 27. Qa2 a5 28.
Bd2 Qd4+ 29. Kg2 a4 30. Qa3 b5 31. cxb5 Bxb5 32. Bc3 Qe3 33. Qb2 Bxd3 34. Qb8+
Kh7 35. Qf8 Bxe4+ 36. Kh3 Bf5+ 37. Kh2 Qxc3 38. Qxf7+ Qg7 39. Qe8 a3 40. Qa4
Qb2+ 41. Bg2 a2 42. Qa7+ Kh6 {White resigns} 0-1

[Event "Team 45 45 League T52"]
[Site "Internet Chess Club"]
[Date "2012.02.19"]
[Round "1"]
[White "Tobiasdelmonte"]
[Black "Bonneville"]
[Result "1/2-1/2"]
[WhiteElo "1741"]
[BlackElo "1889"]
[Opening "Queen's pawn game"]
[ECO "A45"]
[Time "13:01:15"]
[TimeControl "2700+45"]

1. d4 Nf6 2. g3 d5 3. Bg2 Bf5 4. c4 e6 5. Nf3 dxc4 6. O-O c6 7. Ne5 Nbd7 8. Nxc4
Be4 9. Bf4 Bxg2 10. Kxg2 Nb6 11. Nxb6 Qxb6 12. Qd2 Ne4 13. Qc2 Qxd4 14. Be3 Qe5
15. Bf4 Qf5 16. f3 Nxg3 17. e4 Qxf4 18. hxg3 Qc7 19. Qc3 O-O-O 20. a4 f5 21. Nd2
Bd6 22. f4 Qe7 23. Nc4 fxe4 24. a5 Bc5 25. a6 b6 26. Rad1 e3 27. Nxe3 g5 28. b4
Bxe3 29. Qxe3 gxf4 30. Qxf4 Rxd1 31. Rxd1 Rd8 32. Rxd8+ Qxd8 33. Qf7 Qd7 34.
Qg8+ Kc7 35. Qf8 e5 36. Qf6 Qd5+ 37. Kg1 Qd1+ 38. Kh2 Qd2+ 39. Kg1 Qc1+ 40. Kh2
Qb2+ 41. Kh1 Qb1+ 42. Kh2 Qa2+ 43. Kh1 Qa1+ 44. Kh2 c5 45. Qe7+ Kc6 46. bxc5
Qa2+ 47. Kh3 Qd5 48. Qb7+ Kxc5 49. Qxa7 Qh1+ 50. Kg4 Qe4+ 51. Kh3 h5 52. Qb7
Qg4+ 53. Kh2 h4 54. gxh4 Qxh4+ 55. Kg2 Qg4+ 56. Kh2 Qe2+ 57. Kh1 Qf1+ 58. Kh2
Qf2+ 59. Kh1 {Game drawn by mutual agreement} 1/2-1/2

[Event "Team 45 45 League T52"]
[Site "Internet Chess Club"]
[Date "2012.02.19"]
[Round "1"]
[White "LittleWarrior"]
[Black "HomerSimpson"]
[Result "1-0"]
[WhiteElo "1988"]
[BlackElo "2071"]
[Opening "QGD Slav: 4.Nc3"]
[ECO "D15"]
[Time "15:08:23"]
[TimeControl "2700+45"]

1. Nf3 Nf6 2. c4 c6 3. Nc3 d5 4. d4 a6 5. c5 Nbd7 6. Bf4 Nh5 7. Bd2 g6 8. e4
dxe4 9. Nxe4 Bg7 10. Bc4 O-O 11. O-O Ndf6 12. Nxf6+ Nxf6 13. Qb3 Nd5 14. Rfe1
Rb8 15. Ne5 Be6 16. Qa3 Nc7 17. Qd3 Bxc4 18. Qxc4 Nd5 19. Qd3 Qc7 20. Nc4 Rbe8
21. Rad1 Qb8 22. Ne5 Qc8 23. Nc4 Qd7 24. Ne5 Bxe5 25. dxe5 Rd8 26. Bh6 Rfe8 27.
e6 fxe6 28. Qf3 Qc8 29. Qb3 Nc7 30. Qc3 e5 31. Qxe5 Ne6 32. Rc1 Kf7 33. Rc4 Rd5
34. Rf4+ Kg8 35. Qc3 Rxc5 36. Rc4 Rh5 37. Rxe6 Rxh6 38. Rce4 Qd7 39. Qg3 Qd1+
40. Re1 Qd4 41. Qb3 Qd5 42. Qxb7 Rh5 43. Qxa6 c5 44. Qb5 Kf8 45. Rf6+ exf6 46.
Qxe8+ Kg7 47. Re7+ Kh6 48. Qf8+ Kg5 49. f4+ Kg4 50. h3+ Kxf4 51. Qxf6+ Qf5 52.
Qd6+ {Black resigns} 1-0

[Event "Team 45 45 League T52"]
[Site "Internet Chess Club"]
[Date "2012.02.19"]
[Round "1"]
[White "upsan"]
[Black "matein7"]
[Result "1-0"]
[WhiteElo "1854"]
[BlackElo "1747"]
[Opening "Scandinavian defense"]
[ECO "B01"]
[Time "12:01:22"]
[TimeControl "2700+45"]

1. e4 d5 2. exd5 Nf6 3. Nf3 Bg4 4. Bb5+ Nbd7 5. h3 Bh5 6. Nc3 a6 7. Be2 Nb6 8.
d4 Nfxd5 9. Nxd5 Nxd5 10. O-O e6 11. c4 Nb6 12. b3 Be7 13. Be3 O-O 14. Qd2 a5
15. Rad1 Bb4 16. Qb2 c6 17. a3 Be7 18. g4 Bg6 19. Ne5 Be4 20. f3 Bg6 21. Kg2 Bd6
22. Bf4 Nc8 23. Rd2 Ne7 24. h4 f6 25. Bg3 Be8 26. c5 Bb8 27. Nc4 Nd5 28. Bd3 e5
29. dxe5 fxe5 30. Re1 Qf6 31. Be4 Nf4+ 32. Bxf4 Qxf4 33. Rd8 Qf6 34. Qd2 Bf7 35.
Bxh7+ Kxh7 36. Rxf8 e4 37. Rxe4 Qxh4 38. Nd6 Bxd6 39. Qxd6 Bd5 40. Rxa8 Bxe4 41.
fxe4 Qxg4+ 42. Kf2 {Black resigns} 1-0

[Event "Team 45 45 League T52"]
[Site "Internet Chess Club"]
[Date "2012.02.17"]
[Round "1"]
[White "toukon"]
[Black "viking99"]
[Result "0-1"]
[WhiteElo "1708"]
[BlackElo "1838"]
[Opening "Grünfeld: Grünfeld gambit, Capablanca variation"]
[ECO "D82"]
[Time "21:06:36"]
[TimeControl "2700+45"]

1. d4 Nf6 2. c4 g6 3. Nc3 d5 4. Bf4 Bg7 5. Rc1 O-O 6. e3 c5 7. dxc5 Qa5 8. cxd5
Qxc5 9. Nf3 Rd8 10. Be2 Be6 11. O-O Nxd5 12. e4 Nxf4 13. Qxd8+ Bf8 14. Nd4 Bh3
15. Bf3 Qg5 16. Nce2 Bxg2 17. Ng3 Bxf1 18. Rxf1 e5 19. Qxg5 Nh3+ 20. Kg2 Nxg5
21. Nb5 Nc6 22. Be2 Rd8 23. Nc7 Rd2 24. Rd1 Nxe4 25. Rxd2 Nxd2 26. a3 Nd4 27.
Bd3 f5 28. Nf1 Nxf1 29. Bxf1 a6 30. Nd5 Bh6 31. b4 Bd2 32. Nf6+ Kg7 33. Nd7 Nc2
34. b5 axb5 35. Bxb5 Nxa3 36. Ba4 b5 37. Bb3 Bc3 38. Nb6 b4 39. Nd5 h6 40. Kf3
g5 41. Ke2 e4 42. f3 exf3+ 43. Kxf3 Nb5 44. Ke3 Nd6 45. Kd3 Ne4 46. Ba2 h5 47.
Ne3 Kf6 48. Nf1 h4 49. Ke3 Ke5 50. h3 Bd4+ 51. Kf3 Bc3 52. Ne3 Nd2+ 53. Ke2 Ke4
54. Be6 f4 55. Ng4 f3+ 56. Kd1 Nf1 57. Nf2+ Kf4 58. Nd3+ Kg3 59. Nc5 Ne3+ 60.
Kc1 f2 61. Ne4+ Kg2 62. Nxf2 Kxf2 {White resigns} 0-1

[Event "Team 45 45 League T52"]
[Site "Internet Chess Club"]
[Date "2012.02.17"]
[Round "1"]
[White "CuatroPrincesas"]
[Black "chess9793"]
[Result "0-1"]
[WhiteElo "2164"]
[BlackElo "2162"]
[Opening "Sicilian defense"]
[ECO "B33"]
[Time "16:01:32"]
[TimeControl "2700+45"]

1. e4 c5 2. Nf3 Nc6 3. d4 cxd4 4. Nxd4 Nf6 5. Nc3 g6 6. Nxc6 bxc6 7. e5 Ng8 8.
Bf4 Bg7 9. Bc4 Nh6 10. Qe2 O-O 11. Kd1 d5 12. Kc1 dxc4 {White resigns} 0-1

[Event "Team 45 45 League T52"]
[Site "Internet Chess Club"]
[Date "2012.02.21"]
[Round "1"]
[White "elmaestro"]
[Black "Fezzik"]
[Result "0-1"]
[WhiteElo "1885"]
[BlackElo "2116"]
[Opening "English: Caro-Kann defensive system"]
[ECO "A11"]
[Time "15:01:07"]
[TimeControl "2700+45"]

1. c4 c6 2. g3 d5 3. Bg2 Nf6 4. cxd5 cxd5 5. Nf3 Nc6 6. O-O g6 7. d4 Bg7 8. Nc3
O-O 9. Bf4 Qb6 10. b3 Bf5 11. Rc1 Rac8 12. h3 Rfd8 13. g4 Be4 14. e3 Nb4 15.
Nxe4 Nxe4 16. a3 Rxc1 17. Qxc1 Nd3 18. Qc2 Nxf4 19. exf4 Nd6 20. Ne5 Rc8 21. Qd3
e6 22. a4 Qb4 23. Rb1 Rc3 24. Qd2 a5 25. Qd1 Bh6 26. g5 Bg7 27. h4 Nf5 28. h5
Qxd4 29. Qxd4 Nxd4 30. b4 Ne2+ 31. Kf1 Nxf4 32. Nd7 axb4 33. h6 Bd4 34. Kg1 Rc1+
35. Rxc1 Ne2+ 36. Kf1 Nxc1 37. Ke1 b3 38. Kd2 b2 39. Kc2 Nd3 40. Kb1 Nxf2 41.
Nf6+ Bxf6 42. gxf6 Ng4 43. Kxb2 Nxf6 44. Kc3 Kf8 45. Kb4 Nd7 46. Bf1 Ke7 47. Bb5
Kd6 48. a5 e5 49. Kc3 f5 50. Kd2 f4 51. Ke2 e4 52. Kf2 Nf6 53. Be2 Ng8 54. Bg4
Nxh6 55. Bc8 Kc6 56. a6 bxa6 57. Bxa6 Kc5 58. Bc8 Kd4 {White resigns} 0-1

[Event "Team 45 45 League T52"]
[Site "Internet Chess Club"]
[Date "2012.02.16"]
[Round "1"]
[White "Truxton"]
[Black "leland"]
[Result "1-0"]
[WhiteElo "1931"]
[BlackElo "1848"]
[Opening "French: Rubinstein variation"]
[ECO "C10"]
[Time "19:00:35"]
[TimeControl "2700+45"]

1. e4 e6 2. d4 d5 3. Nc3 dxe4 4. Nxe4 Nd7 5. Nf3 Ngf6 6. Nxf6+ Nxf6 7. Bd3 Be7
8. O-O O-O 9. c3 b6 10. Ne5 Bb7 11. Qe2 c5 12. dxc5 Bxc5 13. Bg5 Be7 14. Rad1
Qc7 15. Bxf6 Bxf6 16. Nd7 Qf4 17. Nxf8 Rxf8 18. Qe3 Qc7 19. Be4 Ba6 20. Bd3 Bb7
21. Be4 Ba6 22. Rfe1 g6 23. Qf3 Bg7 24. Bc6 Bc8 25. Ba4 Qe7 26. Qd3 {Black
forfeits on time} 1-0

[Event "Team 45 45 League T52"]
[Site "Internet Chess Club"]
[Date "2012.02.20"]
[Round "1"]
[White "browndeer"]
[Black "Portola"]
[Result "0-1"]
[WhiteElo "1504"]
[BlackElo "1741"]
[Opening "French: advance, Milner-Barry gambit"]
[ECO "C02"]
[Time "12:00:17"]
[TimeControl "2700+45"]

1. e4 e6 2. d4 d5 3. e5 c5 4. c3 Nc6 5. Nf3 Qb6 6. Bd3 Bd7 7. Be2 cxd4 8. cxd4
Nh6 9. Bxh6 Qxb2 10. Nbd2 gxh6 11. Qb1 Qxb1+ 12. Rxb1 Rb8 13. O-O Be7 14. Rb2 a6
15. Rfb1 b5 16. a4 Na7 17. Ne1 O-O 18. axb5 Nxb5 19. Bxb5 Bxb5 20. Nef3 Rbc8 21.
Rd1 Rc7 22. Rbb1 Rfc8 23. h3 Rc2 24. Kh2 Ba3 25. Kg1 Rc1 26. Rbxc1 Rxc1 27. Rxc1
Bxc1 28. Nb3 Bb2 29. Kh2 Bc3 30. Kg3 a5 31. Kf4 a4 32. Nc1 Bc4 33. Ke3 a3 34.
Nd2 Bxd2+ 35. Kxd2 a2 36. Nxa2 Bxa2 37. Ke3 Kg7 38. Kf4 Kg6 39. Kg4 h5+ 40. Kg3
Bc4 41. Kf3 Kg5 42. Kg3 h4+ 43. Kf3 Bf1 44. g3 Bxh3 45. gxh4+ Kxh4 46. Kf4 Bf5
47. f3 h5 48. Ke3 Kg3 49. Ke2 Kg2 50. Ke3 h4 51. Ke2 h3 52. Kd2 Kxf3 53. Kc3 h2
54. Kb4 h1=Q 55. Kc5 Qc1+ 56. Kd6 Qa3+ 57. Kd7 Bg6 58. Kc7 Ke4 59. Kd7 Kxd4
{White resigns} 0-1

[Event "Team 45 45 League T52"]
[Site "Internet Chess Club"]
[Date "2012.02.17"]
[Round "1"]
[White "gsvc"]
[Black "NFork"]
[Result "1-0"]
[WhiteElo "2370"]
[BlackElo "2175"]
[Opening "French: Tarrasch, closed variation"]
[ECO "C05"]
[Time "13:12:32"]
[TimeControl "2700+45"]

1. e4 e6 2. d4 d5 3. Nd2 Nf6 4. e5 Nfd7 5. Bd3 c5 6. c3 Nc6 7. Ngf3 Qb6 8. O-O
Be7 9. dxc5 Nxc5 10. Bc2 a5 11. Nb3 Nxb3 12. axb3 Bd7 13. Re1 Bc5 14. Be3 Rc8
15. Ng5 h6 16. Qh5 Rf8 17. Nh7 Rg8 18. Bxc5 Qxc5 19. Rad1 Ke7 20. Qh4+ Ke8 21.
Re3 Ne7 22. Rf3 Bb5 23. c4 Bc6 24. Qf4 Kd7 25. Qxf7 Kc7 26. Qxe6 Bd7 27. Qf7 Bg4
28. Rxd5 Qb4 29. Re3 Kb8 30. Rd6 Nc6 31. h3 Nxe5 32. Qd5 Nf7 33. Rg6 Bxh3 34.
Qxf7 {Black resigns} 1-0

[Event "Team 45 45 League T52"]
[Site "Internet Chess Club"]
[Date "2012.02.19"]
[Round "1"]
[White "pentti63"]
[Black "Bubacik"]
[Result "1-0"]
[WhiteElo "2204"]
[BlackElo "2217"]
[Opening "QGD: Chigorin defense"]
[ECO "D07"]
[Time "12:01:06"]
[TimeControl "2700+45"]

1. d4 d5 2. c4 Nc6 3. Nc3 dxc4 4. d5 Ne5 5. f4 Ng4 6. e4 e5 7. f5 h5 8. Nf3 Bc5
9. Bxc4 Nf2 10. Qb3 Qe7 11. Rf1 Ng4 12. h3 N4f6 13. Bg5 a6 14. Bd3 Qd6 15. O-O-O
Ne7 16. Kb1 Nd7 17. g3 Ba7 18. Qc2 Nc5 19. Be2 f6 20. Be3 Bd7 21. g4 c6 22. g5
Rc8 23. Bc4 b5 24. dxc6 Qxc6 25. Bd5 Qc7 26. gxf6 gxf6 27. Nh4 b4 28. Ng6 bxc3
29. Nxh8 Nxd5 30. exd5 cxb2 31. Rg1 Ba4 32. Rg8+ Kd7 33. Rg7+ Kd6 34. Bxc5+ Qxc5
35. Nf7+ Ke7 36. Nxe5+ Kd8 37. Nf7+ Ke7 38. Nd6+ Kd8 39. Nb7+ Ke8 40. Qe4+
{Black resigns} 1-0

[Event "Team 45 45 League T52"]
[Site "Internet Chess Club"]
[Date "2012.02.18"]
[Round "1"]
[White "BlazekaMatej"]
[Black "Pacini"]
[Result "1/2-1/2"]
[WhiteElo "2167"]
[BlackElo "2099"]
[Opening "Sicilian: accelerated fianchetto, modern variation with Bc4"]
[ECO "B35"]
[Time "12:10:22"]
[TimeControl "2700+45"]

1. e4 c5 2. Nf3 g6 3. d4 cxd4 4. Nxd4 Nc6 5. Be3 Bg7 6. Nc3 Nf6 7. Bc4 Qa5 8.
O-O Qb4 9. Bb3 O-O 10. a3 Qa5 11. f3 d6 12. Qd2 Re8 13. Rad1 Bd7 14. g4 Rac8 15.
g5 Nh5 16. Nd5 Qxd2 17. Rxd2 Nxd4 18. Bxd4 Bxd4+ 19. Rxd4 Be6 20. Ba4 Bxd5 21.
Bxe8 Nf4 22. Bb5 Be6 23. Rc1 Rc5 24. Bf1 Rxg5+ 25. Kf2 Rc5 26. c4 b6 27. b4 Rc7
28. Ke3 g5 29. Rd2 Kg7 30. Rdc2 Kf6 31. c5 bxc5 32. bxc5 d5 33. c6 Ke5 34. Rb2
Bc8 35. Rb5 f5 36. exd5 Nxd5+ 37. Kd2 Kd6 38. Bc4 Nf4 39. Ra5 e6 40. Ke3 Rxc6
41. Rxa7 h5 42. Rg7 Ba6 43. Rd1+ Ke5 44. Bxa6 Rxa6 45. Ra1 g4 {Game drawn by
mutual agreement} 1/2-1/2